 Dungeon Crawl Stone Soup version 0.29.0-4-gdea44cf6ec (webtiles) character file.

Game seed: 5672073184682852830

2 qw the Sneak (level 1, -2/10 HPs)
             Began as a Felid Delver on Aug 27, 2022.
             Succumbed to a kobold's poison
             ... on level 3 of the Dungeon.
             The game lasted 00:00:00 (107 turns).

qw the Sneak (Felid Delver)                          Turns: 107, Time: 00:00:01

Health: -2/10      AC:  1    Str:  8    XL:     1   Next: 33%
Magic:  2/2        EV: 17    Int: 11    God:
Gold:   20         SH:  0    Dex: 17    Spells: 0/0 levels left
                                        Lives:  0   Deaths: 0

rFire   . . .      SeeInvis +     - Unarmed
rCold   . . .      Faith    .   (shield unavailable)
rNeg    . . .      Spirit   .   (body armour unavailable)
rPois   .          Reflect  .   (helmet unavailable)
rElec   .          Harm     .   (cloak unavailable)
rCorr   .          Rampage  .   (gloves unavailable)
Will    .....                   (boots unavailable)
Stlth   +++.......              (no amulet)
HPRegen 0.03/turn               (no ring)
MPRegen 0.08/turn               (no ring)

@: lethally poisoned (-2 -> -15), quick
A: very small, claws 1, fangs 3, see invisible, speed 1, shaggy fur 1, stealthy
paws, no weapons or thrown items, no armour, multi-lived
a: no special abilities


You were on level 3 of the Dungeon.
You visited 1 branch of the dungeon, and saw 3 of its levels.

You collected 20 gold pieces.


Innate Abilities, Weirdness & Mutations

You have sharp claws.
You have razor-sharp teeth.
You have supernaturally acute eyesight. (SInv)
You cover ground quickly. (Speed+)
You are covered in fur. (AC +1)
Your paws help you pounce on unaware monsters.
You are incapable of wielding weapons or throwing items.
You cannot wear armour.
You gain extra lives every three experience levels.


   Skills:
 - Level 3.0 Fighting
 - Level 2.6 Dodging
 - Level 6.6 Stealth
 + Level 2.2 Unarmed Combat


You couldn't memorise any spells.
You didn't know any spells.
Your spell library was empty.

Inventory:

Wands
 e - a wand of digging (3)
Potions
 d - a potion of haste

Dungeon Overview and Level Annotations

Branches:
Dungeon (5/15)
 Temple: D:4-7

Altars:


Message History

There is a stone staircase leading up here.
You climb upwards.
There is a stone staircase leading down here.
Existing waypoints: (1) D:4 (2) D:5 Assign waypoint to what number? (0-9, D - delete waypoint) Waypoint 2 re-assigned from D:5 to D:3.
A kobold and a dart slug come into view.
The kobold is wielding a +0 dagger and quivering poisoned darts.
Found 4 stones.
Enter note:
Enter note:
88 ||| Stepping ~*~*~tactically~*~*~ (stealth).
90 ||| Stepping ~*~*~tactically~*~*~ (stealth).
91 ||| Stepping ~*~*~tactically~*~*~ (stealth).
93 ||| Stepping ~*~*~tactically~*~*~ (stealth).
96 ||| Stepping ~*~*~tactically~*~*~ (hiding).
You start waiting.
A dart slug is nearby!
You scratch the dart slug.
The dart slug is lightly wounded.
You scratch the dart slug but do no damage.
The dart slug is lightly wounded.
The kobold shouts!
The dart slug launches a dart at you. The slug dart hits you.
A kobold comes into view. It is wielding a +0 short sword.
The kobold shouts!
You scratch the dart slug. You claw the dart slug.
You kill the dart slug!
You hear an angry hiss.
A ball python comes into view.
The kobold throws a poisoned dart.
The poisoned dart hits you!
You are lethally poisoned!
You feel sick.
You feel sick.
The kobold throws a poisoned dart.
The poisoned dart completely misses you.
You feel sick.
The kobold throws a poisoned dart.
The poisoned dart hits you!
You are more poisoned.
You die...

}~..~..
~}.~...
~.K~(.~
..~KS~~
..~..~.
...~~..####
.......#..#
.......@#.#
.....####.#
.#. #.# #.#
#.### #...#
###.# #.#
#.#


You could see a ball python and 2 kobolds.

Vanquished Creatures
  A dart slug (D:3)
1 creature vanquished.

Notes
Turn   | Place    | Note
-------+----------+-------------------------------------------
     0 | D:5      | qw the Felid Delver began the quest for the Orb.
     0 | D:5      | Reached XP level 1. HP: 10/10 MP: 2/2
     0 | D:5      | 0 ||| qw: Version: 0.1-a-89-g26bdef1
     0 | D:5      | 0 ||| qw: Game counter: 46
     0 | D:5      | 0 ||| qw: Always use a shield: true
     0 | D:5      | 0 ||| qw: God list: Okawaru, Trog
     0 | D:5      | 0 ||| qw: Allow faded altars: false
     0 | D:5      | 0 ||| qw: Do Orc after D:15 true
     0 | D:5      | 0 ||| qw: Do second Lair branch before Depths: true
     0 | D:5      | 0 ||| qw: Lair rune preference: random
     0 | D:5      | 0 ||| qw: Plans: Normal
     0 | D:5      | 0 ||| PLANNING D:1-11
    14 | D:5      | 14 ||| DROPPING scroll of fog.
    15 | D:5      | 15 ||| DROPPING scroll of magic mapping.
    16 | D:5      | 16 ||| DROPPING scroll of fear.
    88 | D:3      | 88 ||| Stepping ~*~*~tactically~*~*~ (stealth).
    90 | D:3      | 90 ||| Stepping ~*~*~tactically~*~*~ (stealth).
    91 | D:3      | 91 ||| Stepping ~*~*~tactically~*~*~ (stealth).
    93 | D:3      | 93 ||| Stepping ~*~*~tactically~*~*~ (stealth).
    96 | D:3      | 96 ||| Stepping ~*~*~tactically~*~*~ (hiding).
   105 | D:3      | HP: 2/10 [poisoned by a kobold]
   107 | D:3      | Succumbed to a kobold's poison

Levels and vault maps discovered:
D:3:      cheibrodos_helix_gallery, layout_loops_corners,
          palyth_temple_overflow_mages, chei_slow_surprise,
          ebering_ecumenical_altar_webs, uniq_terence
D:4:      layout_basic, nicolae_zen_rock_garden
D:5:      layout_loops_ring, overflow_temple_1_default,
          minmay_temple_entry_poolview, lightli_sewer_entry_pipes,
          minmay_misc_feat_tiny, minmay_misc_feat_five, grunt_decor_mini_mirrors

Action                   || total
-------------------------++-------
Melee: Unarmed           ||     3
       Punch             ||     1
Dodge: Dodged            ||     1

Table legend:
 A = Non-vault XP
 B = Vault XP
 C = Vault XP percentage of total XP
 D = Non-vault monster count
 E = Vault monster count
 F = Vault count percentage of total count
                 A         B        C        D         E       F
            +---------+---------+-------+---------+---------+-------
      Total |       4 |       0 |   0.0 |       1 |       0 |   0.0
            +---------+---------+-------+---------+---------+-------
        D:3 |       4 |       0 |   0.0 |       1 |       0 |   0.0
            +---------+---------+-------+---------+---------+-------
